 Dungeon Crawl Stone Soup version 0.26-a0-540-g8a0c9464d7 (webtiles) character file.

Game seed: 9966090964022697731

65 Goblin1989 the Changer (level 3, 0/26 HPs)
             Began as a Demonspawn Transmuter on Aug 10, 2020.
             Slain by a gnoll (7 damage)
             ... on level 3 of the Dungeon on Aug 18, 2020.
             The game lasted 00:05:38 (1478 turns).

Goblin1989 the Changer (Demonspawn Transmuter)      Turns: 1478, Time: 00:05:38

Health: 0/26       AC:  2    Str: 10    XL:     3   Next: 94%
Magic:  3/6        EV: 19    Int: 14    God:
Gold:   154        SH:  0    Dex: 19    Spells: 2/6 levels left

rFire    . . .     SeeInvis .     - Unarmed
rCold    . . .     Faith    .   (shield currently unavailable)
rNeg     . . .     Spirit   .   (armour currently unavailable)
rPois    x         Reflect  .   (helmet currently unavailable)
rElec    .         Harm     .   (cloak currently unavailable)
rCorr    .                      (gloves currently unavailable)
MR       .....                  (boots currently unavailable)
Stlth    ++........             (no amulet)
HPRegen  0.08/turn              (no ring)
MPRegen  0.10/turn              (no ring)

@: spider-form
A: tiny
a: End Transformation


You were on level 3 of the Dungeon.
You were a venomous arachnid creature.
You visited 1 branch of the dungeon, and saw 3 of its levels.

You collected 154 gold pieces.

Inventory:

Hand Weapons
 o - a +0 hunting sling
Missiles
 e - 99 stones (quivered) {@Q3}
 f - 11 sling bullets
 p - 15 arrows
Armour
 a - a +0 robe (melded)
 j - a scarf of harm (melded)
Scrolls
 b - 8 scrolls of identify {unknown}
 d - a scroll of immolation {unknown}
 g - a scroll of random uselessness {unknown}
 h - a scroll of fear {unknown}
 k - a scroll of teleportation {unknown}
 l - a scroll of fog {unknown}
 m - a scroll of enchant weapon {unknown}
 n - a scroll of enchant armour {unknown}
Potions
 c - a potion of might {unknown}
 i - 2 potions of berserk rage {unknown}


   Skills:
 - Level 1.0 Fighting
 - Level 1.7 Dodging
 - Level 2.6 Unarmed Combat
 + Level 2.1 Spellcasting
 * Level 3.5 Transmutations
 * Level 1.0 Poison Magic


You had 2 spell levels left.
You knew the following spells:

 Your Spells              Type           Power        Failure   Level
a - Beastly Appendage     Tmut           ##....       16%         1
b - Spider Form           Tmut/Pois      #.........   47%         3

Your spell library contained the following spells:

 Spells                   Type           Power        Failure   Level
 Wereblood                Tmut           ##......     22%         2
 Ice Form                 Ice/Tmut       #.......     89%         4
 Blade Hands              Tmut           ##........   94%         5


Dungeon Overview and Level Annotations

Branches:
Dungeon (3/15)

Altars:
Xom


Innate Abilities, Weirdness & Mutations

((You have large cloven feet.))
((You are partially covered in thin metallic scales. (AC +2)))


Message History

There is an open door here.
Found a scale mail.
Found a stone staircase leading up.
You see here a wand of random effects (14).
A gnoll comes into view. It is wielding a +0 whip.
The gnoll shouts!
Saving game... please wait.
You become a juggernaut!
Welcome back, Goblin1989 the Demonspawn Transmuter.
Press ? for a list of commands and other information.
Cast which spell? (? or * to list)
You grow a pair of large bovine horns.
A gnoll comes into view.
A frilled lizard comes into view.
You now have 5/6 mp.
A gnoll comes into view. It is wielding a +0 club.
Your transformation is almost over.
The frilled lizard hisses angrily.
You hear a shout!
A gnoll comes into view. It is wielding a +0 halberd.
The gnoll shouts! x2
The gnoll hits you with a +0 whip.
A goblin comes into view.
You take 2 damage, and have 24/26 hp.
You closely miss the gnoll. You kick the gnoll. Your headbutt misses the gnoll.
The gnoll is lightly wounded.
The gnoll hits you with a +0 whip.
You take 6 damage, and have 18/26 hp.
MASSIVE DAMAGE!!
You hit the gnoll but do no damage. Your kick misses the gnoll.
The gnoll is lightly wounded.
The gnoll hits you with a +0 whip.
You take 2 damage, and have 16/26 hp.
You closely miss the gnoll. Your kick misses the gnoll. You headbutt the gnoll.
Your punch misses the gnoll.
The gnoll is severely wounded.
The frilled lizard bites you but does no damage.
The gnoll barely misses you.
You hit the gnoll.
The gnoll is almost dead.
The frilled lizard bites you.
You take 1 damage, and have 15/26 hp.
You are too injured to fight recklessly!
You are too injured to fight recklessly!
You are too injured to fight recklessly!
You are too injured to fight recklessly!
You are too injured to fight recklessly!
You are too injured to fight recklessly!
You are too injured to fight recklessly!
You are too injured to fight recklessly!
You are too injured to fight recklessly!
You are too injured to fight recklessly!
You are too injured to fight recklessly!
You are too injured to fight recklessly!
You are too injured to fight recklessly!
You are too injured to fight recklessly!
You are too injured to fight recklessly!
You are too injured to fight recklessly!
Unknown command.
You hit the gnoll but do no damage.
The gnoll is almost dead.
The frilled lizard barely misses you.
The gnoll hits you from afar with a +0 halberd.
The gnoll misses you. The gnoll barely misses you.
You take 2 damage, and have 13/26 hp.
You completely miss the frilled lizard. The frilled lizard misses you.
The gnoll closely misses you. The gnoll hits you but does no damage.
You hit the gnoll but do no damage.
The gnoll is almost dead.
The frilled lizard closely misses you. The gnoll hits you but does no damage.
The gnoll closely misses you.
MP restored: 6 You hit the gnoll.
You kill the gnoll!
Your Poison Magic skill increases to level 1!
Your horns disappear.
The frilled lizard closely misses you.
Unknown command.
You completely miss the frilled lizard. The gnoll hits you.
The gnoll closely misses you.
The frilled lizard bites you but does no damage.
The goblin closely misses you.
You take 1 damage, and have 12/26 hp.
Casting: Beastly Appendage (safe; 5% risk of failure)
Confirm with . or Enter, or press ? or * to list all spells.
The spell is extremely dangerous to cast (26% risk of failure)!
Continue anyway?
You turn into a venomous arachnid creature.
Your scarf of harm melds into your body.
Your +0 robe melds into your body.
The gnoll completely misses you. The gnoll barely misses you.
The frilled lizard closely misses you. The goblin completely misses you.
You now have 3/6 mp.
Unknown command.
You hit the gnoll but do no damage.
The gnoll is poisoned.
The gnoll hits you.
* * * LOW HITPOINT WARNING * * *
The gnoll barely misses you. The frilled lizard barely misses you.
The goblin closely misses you.
You take 5 damage, and have 7/26 hp.
You hit the gnoll but do no damage.
The gnoll looks as sick as possible!
The gnoll is lightly wounded.
The gnoll hits you!
You die...

████████).██ █
█.>...... █.███████ .
█.█ .. █.█
████████... ...
..........
█.██████...g.....
█.█......gl......
█......sgg.....
█.....████.....
█.....█ ███ ▲../..▲
███ █.....██ ..█
█......█ ..█
█......█████
..█████████..........
..................██


You could see 3 gnolls, a goblin and a frilled lizard.

Vanquished Creatures
  2 adders
  A gnoll (D:3)
  An ooze (D:1)
  A dart slug (D:3)
  A leopard gecko (D:1)
  A giant cockroach (D:3)
  2 hobgoblins
  4 jackals (D:3)
  7 bats
  A frilled lizard (D:1)
  4 goblins
  2 kobolds
  6 rats
33 creatures vanquished.

Notes
Turn   | Place    | Note
-------+----------+-------------------------------------------
     0 | D:1      | Goblin1989 the Demonspawn Transmuter began the quest for
                  | the Orb.
     0 | D:1      | Reached XP level 1. HP: 15/15 MP: 3/3
   120 | D:1      | Reached skill level 2 in Transmutations
   127 | D:1      | Lost mutation: You have razor-sharp toenails. [demonic
                  | ancestry]
   127 | D:1      | Lost mutation: You have sharp toenails. [demonic ancestry]
   127 | D:1      | Gained mutation: You have large cloven feet. [demonic
                  | ancestry]
   127 | D:1      | Reached XP level 2. HP: 18/21 MP: 3/5
   587 | D:2      | Reached skill level 3 in Transmutations
   677 | D:2      | Gained mutation: You are partially covered in thin metallic
                  | scales. (AC +2) [demonic ancestry]
   677 | D:2      | Reached XP level 3. HP: 19/26 MP: 4/6
   947 | D:2      | Found a shimmering altar of Xom.
  1004 | D:3      | Learned a level 3 spell: Spider Form
  1464 | D:3      | Upgraded the game from 0.26-a0-466-g989023bd0d to
                  | 0.26-a0-540-g8a0c9464d7
  1474 | D:3      | Reached skill level 1 in Poison Magic
  1478 | D:3      | Slain by a gnoll

Illustrated notes

Levels and vault maps discovered:
D:1:      mrwooster_arrival_arrow, layout_rooms
D:2:      layout_rooms, lemuel_coloured_pillars_altar
D:3:      layout_basic, lemuel_blue_sif_altar

Skill      XL: |  1  2  3 |
---------------+----------+-----
Transmutations | 2 3 |  3.5
Poison Magic   | 1 |  1.0
Fighting       | |  1.0
Dodging        | |  1.7
Unarmed Combat | |  2.6
Spellcasting   | |  2.1

Action                   || total
-------------------------++-------
Melee: Unarmed           ||    86
       Headbutt          ||    10
       Kick              ||    14
Throw: Stone             ||     2
 Cast: Beastly Appendage ||    16
       Spider Form       ||     1
Armor: Robe              ||    30
Dodge: Dodged            ||    86

Table legend: (Time is in decaauts)
 A = Elapsed time spent in this place.
 B = Non-inter-level travel time spent in this place.
 C = Inter-level travel time spent in this place.
 D = Time resting spent in this place.
 E = Time spent auto-exploring this place.
 F = Levels seen in this place.
 G = Mean time per level.
                   A        B        C        D        E       F      G
               +--------+--------+--------+--------+--------+-----+--------+
         Total |   1473 |   1433 |     40 |      0 |   1209 |   3 |  491.0 |
       Dungeon |   1473 |   1433 |     40 |      0 |   1209 |   3 |  491.0 |
               +--------+--------+--------+--------+--------+-----+--------+

Top non-repeatable levels by time:
     D:2: 512 daAuts
     D:3: 491 daAuts
     D:1: 470 daAuts
